 Dungeon Crawl Stone Soup version 0.30-a0-652-gcc886f7154 (webtiles) character file.

Game seed: 13981582564377803660

195815 rddays123 the Slayer (level 18, -2/190 HPs)
             Began as a Hill Orc Fighter on Jan 17, 2023.
             Was the Champion of Okawaru.
             Slain by a harpy (10 damage)
             ... on level 3 of the Shoals on Jan 18, 2023.
             The game lasted 03:45:40 (50457 turns).

rddays123 the Slayer (Hill Orc Fighter)            Turns: 50457, Time: 03:45:40

Health: -2/190     AC: 27    Str: 34    XL:     18   Next: 35%
Magic:  25/25      EV:  9    Int:  8    God:    Okawaru [******]
Gold:   666        SH: 15    Dex: 16    Spells: 17/17 levels left

rFire   . . .      SeeInvis .    s - +3 broad axe "Newtbane" {freeze, rC+ Str+3}
rCold   + . .      Faith    +    q - +2 kite shield {rN+}
rNeg    + . .      Spirit   .    h - +0 plate armour {rPois}
rPois   +          Reflect  .    Q - +0 hat "Bixoimm" {rElec rCorr}
rElec   +          Harm     .    V - +2 cloak {Will+}
rCorr   +          Rampage  .    H - +2 pair of gloves
Will    +++..                    T - +0 pair of boots Stlth
                                 b - amulet of Fuoqieno {Faith Str+4 Dex+6}
HPRegen 0.51/turn                j - ring of willpower
MPRegen 0.19/turn                L - ring of flight

@: flying
A: no striking features
}: 1/15 runes: serpentine
a: Renounce Religion, Heroism, Finesse, Duel


You were on level 3 of the Shoals.
You worshipped Okawaru.
Okawaru was exalted by your worship.
You visited 7 branches of the dungeon, and saw 30 of its levels.
You visited 1 bazaar.
You also visited: Ice Cave.

You collected 2810 gold pieces.
You spent 2144 gold pieces at shops.

Inventory:

Hand Weapons
 s - the +3 broad axe "Newtbane" (weapon) {freeze, rC+ Str+3}
   (Okawaru gifted it to you on level 3 of the Lair of Beasts)

   Str:       It affects your strength (+3).
   rC:        It protects you from cold.
 y - the +3 whip of Ycucaoju {heavy, Str+4}
   (You found it on level 13 of the Dungeon)

   Str:       It affects your strength (+4).
 F - the +7 war axe "Beetlebane" {vamp, rN+++ Str+2 Int-5 Stlth+}
   (You found it on level 5 of the Lair of Beasts)

   Str:       It affects your strength (+2).
   Int:       It affects your intelligence (-5).
   rN:        It renders you almost immune to negative energy.
   Stlth:     It makes you more stealthy.
 Z - a +0 morningstar
Missiles
 v - 4 throwing nets (quivered)
Armour
 a - the +2 cloak of the Armoured One {Fly}
   (Okawaru gifted it to you on level 5 of the Lair of Beasts)

   Fly:       It grants you flight.
 h - a +0 plate armour of poison resistance (worn)
 i - a +2 helmet
 l - the +1 cloak "Cogoiramn" {rF+ rC+ MP+9 Stlth+}
   (Okawaru gifted it to you on level 4 of the Snake Pit)

   rF:        It protects you from fire.
   rC:        It protects you from cold.
   MP:        It affects your magic capacity (+9).
   Stlth:     It makes you more stealthy.
 q - a +2 kite shield of positive energy (worn)
 r - a +2 kite shield of fire resistance
 A - the +1 pair of gloves of Numeps {Harm +Blink rC+++ Int-5}
   (Okawaru gifted it to you in an ice cave)

   Int:       It affects your intelligence (-5).
   rC:        It renders you almost immune to cold.
   +Blink:    It lets you blink.
   Harm:      It increases damage dealt and taken.
 D - a +1 crystal plate armour of cold resistance
 G - the +5 chain mail of the Distant Future {+Inv rC- Dex+4}
   (You found it in an ice cave)

   Dex:       It affects your dexterity (+4).
   rC:        It makes you vulnerable to cold.
   +Inv:      It lets you turn invisible.
 H - a +2 pair of gloves (worn)
 Q - the +0 hat "Bixoimm" (worn) {rElec rCorr}
   (Okawaru gifted it to you on level 10 of the Dungeon)

   rElec:     It insulates you from electricity.
   rCorr:     It protects you from acid and corrosion.
 T - a +0 pair of boots (worn)
 V - a +2 cloak of willpower (worn)
 W - the +4 plate armour of Knowledge {rElec}
   (Okawaru gifted it to you on level 1 of the Shoals)

   rElec:     It insulates you from electricity.
Jewellery
 b - the amulet of Fuoqieno (around neck) {Faith Str+4 Dex+6}
   (You bought it in a shop on level 3 of the Dungeon)

   [amulet of faith]

   It allows you to gain divine favour quickly.
   Str:       It affects your strength (+4).
   Dex:       It affects your dexterity (+6).
 g - the ring "Bairch" {rPois Str+2}
   (You bought it in a shop on level 6 of the Dungeon)

   [ring of poison resistance]

   Str:       It affects your strength (+2).
   rPois:     It protects you from poison.
 j - a ring of willpower (left hand)
 C - a +6 ring of dexterity
 I - a ring of positive energy
 L - a ring of flight (right hand)
 M - a ring of protection from fire
 R - a ring of resist corrosion
 U - a +6 ring of strength
Wands
 f - a wand of flame (68)
 n - a wand of mindburst (27)
 u - a wand of light (13)
 B - a wand of digging (16)
 P - a wand of roots (9)
Scrolls
 c - 13 scrolls of teleportation
 k - 3 scrolls of magic mapping
 o - 2 scrolls of silence
 p - 12 scrolls of identify
 t - a scroll of poison
 K - 4 scrolls of blinking
 O - 4 scrolls of enchant weapon
 Y - a scroll of fog
Potions
 d - 3 potions of might
 e - 9 potions of curing
 m - 2 potions of haste
 w - 4 potions of mutation
 x - 2 potions of heal wounds
 z - 3 potions of flight
 E - 3 potions of resistance
 J - a potion of magic
 N - 2 potions of cancellation
 S - a potion of invisibility
 X - 3 potions of berserk rage


   Skills:
 + Level 23.7 Fighting
 - Level 18.5 Axes
 + Level 18.0 Armour
 - Level 2.8 Dodging
 + Level 13.0 Shields
 - Level 10.5 Invocations


You had 17 spell levels left.
You didn't know any spells.
Your spell library contained the following spells:

 Spells                   Type           Power      Damage    Failure   Level
 Beastly Appendage        Tmut           0%         N/A       97%         1
 Ensorcelled Hibernation  Hex/Ice        0%         N/A       99%         2
 Lesser Beckoning         Tloc           0%         N/A       99%         2
 Passwall                 Tmut/Erth      0%         N/A       99%         2
 Scorch                   Fire           0%         2d5       99%         2
 Wereblood                Tmut           0%         N/A       99%         2
 Frozen Ramparts          Ice            0%         1d1       100%        3
 Gell's Gravitas          Tloc           0%         N/A       100%        3
 Kindle Blastsparks       Fire/Tloc/Air  0%         2d10      100%        3
 Ozocubu's Armour         Ice            0%         N/A       100%        3
 Portal Projectile        Hex/Tloc       0%         N/A       100%        3
 Spider Form              Tmut/Pois      0%         N/A       100%        3
 Swiftness                Air            0%         N/A       100%        3
 Teleport Other           Tloc           0%         N/A       100%        3
 Anguish                  Hex/Necr       0%         N/A       100%        4
 Flame Wave               Conj/Fire      0%         2d4       100%        4
 Fulminant Prism          Conj/Hex       0%         3d5       100%        4
 Ice Form                 Ice/Tmut       0%         N/A       100%        4
 Iskenderun's Mystic Bla  Conj/Tloc      0%         2d3       100%        4
 Leda's Liquefaction      Hex/Erth       0%         N/A       100%        4
 Arcjolt                  Conj/Air       0%         1d10      100%        5
 Blade Hands              Tmut           0%         N/A       100%        5
 Lee's Rapid Deconstruct  Erth           0%         3d4*      100%        5
 Silence                  Hex/Air        0%         N/A       100%        5
 Eringya's Noxious Bog    Tmut/Pois      0%         N/A       100%        6
 Iron Shot                Conj/Erth      0%         9d1       100%        6
 Statue Form              Tmut/Erth      0%         N/A       100%        6
 Ozocubu's Refrigeration  Ice            0%         4d7       100%        7
 Call Canine Familiar     Summ           Unusable   N/A       N/A         3
 Animate Armour           Summ/Erth      Unusable   N/A       N/A         4
 Summon Ice Beast         Ice/Summ       Unusable   N/A       N/A         4
 Summon Lightning Spire   Summ/Air       Unusable   N/A       N/A         4
 Summon Forest            Summ/Tloc      Unusable   N/A       N/A         5
 Summon Cactus Giant      Summ           Unusable   N/A       N/A         6
 Summon Hydra             Summ           Unusable   N/A       N/A         7

Dungeon Overview and Level Annotations

Branches:
Dungeon (13/15)            Temple (1/1) D:7            Lair (5/5) D:11
 Shoals (4/4) Lair:3        Snake (4/4) Lair:3        Slime (0/5) Lair:5
    Orc (2/2) D:10            Elf (0/3) Orc:2        Vaults (1/5) D:13
  IceCv (visited)

Altars:
Ashenzari
Cheibriados
Dithmenos
Elyvilon
Fedhas
Gozag
Hepliaklqana
Kikubaaqudgha
Makhleb
Nemelex Xobeh
Okawaru
Qazlal
Ru
Sif Muna
Trog
Uskayaw
Vehumet
Wu Jian
Xom
Yredelemnul
Zin
The Shining One
Beogh
Jiyva

Shops:
D:3 =   D:6 =   D:9 [   Orc:2 ?:*=   Shoals:2 !(!*   Snake:4 (

Portals:
Trove: D:10 (give 15 scrolls of teleportation)

Annotations:
Lair:5 exclusion: oklob plant


Message History

The harpy barely misses you. The harpy claws you but does no damage.
The harpy completely misses you. You block the harpy's attack.
You feel much better.
You block the harpy's attack. x2; The harpy claws you!
* * * LOW HITPOINT WARNING * * *
The harpy claws you.
* * * LOW HITPOINT WARNING * * *
The merfolk aquamancer casts a spell at you.
The ball of steam misses you.
The harpy claws you but does no damage. x2
The harpy closely misses you. The harpy misses you.
The harpy attacks as you move away! You block the harpy's attack. x2
You are engulfed in a cloud of scalding steam.
The harpy is engulfed in a cloud of scalding steam. x3
The harpy misses you. The harpy claws you but does no damage.
The harpy is engulfed in a cloud of scalding steam.
The harpy claws you.
* * * LOW HITPOINT WARNING * * *
You block the harpy's attack.
The harpy claws you but does no damage. x2
The harpy barely misses you. x2
The harpy is engulfed in a cloud of scalding steam.
The harpy barely misses you. The harpy claws you.
* * * LOW HITPOINT WARNING * * *
There is a stone staircase leading up, spattered with blood here.
You are engulfed in a cloud of scalding steam.
You block the harpy's attack. x2
The merfolk aquamancer is engulfed in a cloud of scalding steam.
The harpy completely misses you. The harpy claws you.
* * * LOW HITPOINT WARNING * * *
The harpy is engulfed in a cloud of scalding steam.
The harpy claws you but does no damage. x2
The merfolk impaler is engulfed in a cloud of scalding steam.
The merfolk impaler closely misses you.
The merfolk impaler is engulfed in a cloud of scalding steam.
You block the merfolk impaler's attack.
You fly upwards.
Reactivating autopickup.
There is a stone staircase leading down here.
You slash the harpy! You freeze the harpy.
The harpy is heavily wounded.
The harpy claws you!
You die...

~~~~≈≈≈~~.#≈#≈≈≈≈≈≈≈≈[..##..#####
~~~~≈≈≈~~).###≈≈≈≈≈≈≈)~.##.####..
~~~~P≈~~~~~...≈≈≈≈≈≈≈####~.##....
.~~~~~~P~~~~~.≈.≈≈≈≈≈###~~~....~~
~~~~~~..P.~~~~~.≈≈≈≈)~~~~~~~~~~~~
.~~~~~.###.~~~.##≈≈≈~~~~~~.~~~~~~
..~~~~.###.~~~.##..~~~≈≈~~~~~~~.~
~~~~~~..##.~~~.H..~~~≈≈≈~~~~~~~..
~~~~~~.P..~~~~~.@~~~~≈≈≈~~~~~~~~.
~~~~~~~...~~~~~.~~~~≈≈≈≈~~~~~~~~~
~~≈≈~~~~~~~~...(..~~~≈≈≈~~~~~~~~~
~~≈≈≈P~~P~~~<..~..~~~≈≈≈≈~~~~~~~~
.~≈≈≈≈~P~~~~~.~~(~~~≈≈≈≈≈≈≈≈≈~~~~
~~~~~~.~.~).##[.~~~~≈≈≈≈≈≈≈~~~~~~
~~~~..PP~..P##....~~~≈≈≈≈≈≈~~~~~~
~~~~.............(~~~~≈≈~~~~~~~..
~~~..####..~.....~~~~~~~~~~~~~...


You could see a harpy.

Vanquished Creatures
  Mlioglotl (Shoals:3)
  2 krakens
  14 nagarajas (Snake:4)
  A vault warden (Vaults:1)
  An ironbound preserver (Vaults:1)
  An orc warlord (Vaults:1)
  A deep elf demonologist (Shoals:3)
  The ghost of SkeletonJelly the Carver, a journeyman BaCK of Xom (D:12)
  Josephine (D:10)
  6 merfolk impalers
  2 merfolk javelineers
  A fire dragon (Lair:5)
  A vault guard (D:13)
  A great orb of eyes (Vaults:1)
  Harold (Orc:1)
  4 merfolk avatars
  A hydra (Lair:4)
  A salamander tyrant (Snake:4)
  An ironbound frostheart (Vaults:1)
  8 anacondas
  3 two-headed ogres
  2 alligator snapping turtles
  4 boulder beetles
  A merfolk aquamancer (Shoals:2)
  A satyr (Shoals:4)
  2 shock serpents
  19 naga warriors
  2 tengu warriors
  Nergalle (D:10)
  16 naga sharpshooters
  Sonja (D:10)
  14 sea snakes
  3 deep trolls (Vaults:1)
  2 salamander mystics
  4 naga ritualists
  An ironbound convoker (Vaults:1)
  A wizard (D:9)
  The ghost of BigDaddyOpFi the Digger, a novice MeEE of Sif Muna (D:7)
  A swamp dragon (Lair:5)
  A deep elf archer (Shoals:3)
  A deep elf pyromancer (Shoals:3)
  18 harpies
  4 deep elf zephyrmancers (Shoals:3)
  6 mana vipers
  3 ugly things
  2 cyclopes
  14 orc knights
  9 manticores
  11 fauns
  4 elephants (Lair:5)
  7 salamanders
  Maurice (D:10)
  35 black mambas
  14 naga magi
  A vault sentinel (Vaults:1)
  3 ice statues (IceCv)
  3 water nymphs
  9 guardian serpents
  5 cane toads
  3 gargoyles
  6 merfolk sirens
  3 unseen horrors
  2 rime drakes (Lair:5)
  A kobold demonologist (D:7)
  7 komodo dragons
  4 yaktaurs (Vaults:1)
  A tengu conjurer (Shoals:2)
  2 freezing wraiths
  20 merfolk
  6 trolls
  3 polar bears
  3 wind drakes
  A raiju (shapeshifter) (D:12)
  Prince Ribbit (Lair:3)
  2 hornets (D:12)
  20 dream sheep
  8 blink frogs (Lair:3)
  8 snapping turtles
  17 slime creatures
  Sigmund (D:2)
  4 water elementals
  2 dire elephant simulacra (IceCv)
  5 wraiths
  2 shadows
  A centaur simulacrum (D:13)
  41 yaks
  3 spriggans (D:12)
  A vampire (D:12)
  6 wyverns
  2 humans
  5 basilisks
  Grum (D:9)
  2 fire bats (Lair:5)
  2 death yak simulacra (D:13)
  4 vampire mosquitoes
  2 steam dragons (Lair:5)
  5 acid dragons
  37 nagas
  8 wargs
  16 water moccasins
  38 orc warriors
  A sky beast (D:7)
  A swamp drake (Lair:5)
  An ice beast (D:5)
  6 ogres
  4 boggarts
  6 centaurs
  7 wolves
  A phantom (D:4)
  5 kobold brigands
  17 bullfrogs
  2 gnoll sergeants
  3 scorpions
  A necrophage (D:5)
  A cane toad simulacrum (IceCv)
  7 wights
  2 elephant simulacra (IceCv)
  A killer bee (D:9)
  2 electric eels (Lair:5)
  3 howler monkeys (D:13)
  2 jellies
  8 orc priests
  4 hounds
  2 gnoll boudas
  Terence (D:2)
  5 iguanas
  14 orc wizards
  2 hell rats (Lair:4)
  2 troll simulacra (D:13)
  2 spriggan simulacra (D:13)
  2 polar bear simulacra (IceCv)
  2 wolf simulacra (IceCv)
  Robin (D:2)
  12 gnolls
  2 naga simulacra (D:13)
  9 adders
  9 river rats
  2 shadow imps (D:6)
  2 white imps (D:5)
  An ufetubus (D:4)
  3 worms
  3 dart slugs
  82 orcs
  5 ball pythons
  12 endoplasms
  2 giant cockroaches
  14 goblins
  5 hobgoblins
  3 jackals (D:3)
  13 kobolds
  A quokka (D:5)
  7 bats
  5 frilled lizards
  9 rats
  2 butterflies (Lair:5)
  6 tentacles
913 creatures vanquished.

Vanquished Creatures (others)
  A bush (Lair:5)
  23 fungi
  224 plants
  13 tentacles
261 creatures vanquished.

Grand Total: 1174 creatures vanquished

Notes
Turn   | Place    | Note
-------+----------+-------------------------------------------
     0 | D:1      | rddays123 the Hill Orc Fighter began the quest for the Orb.
     0 | D:1      | Reached XP level 1. HP: 19/19 MP: 1/1
   216 | D:1      | Reached XP level 2. HP: 27/27 MP: 2/2
   515 | D:1      | Reached XP level 3. HP: 33/33 MP: 3/3
   559 | D:1      | You fall into a shaft and drop 1 floor!
   787 | D:2      | Noticed Sigmund
  1342 | D:3      | Reached skill level 4 in Fighting
  1530 | D:3      | Reached XP level 4. HP: 40/40 MP: 4/4
  1776 | D:3      | Found a sacrificial altar of Ru.
  1800 | D:3      | Found Cyaca's Jewellery Boutique.
  1987 | D:3      | Found a burning altar of Makhleb.
  2554 | D:4      | Reached skill level 5 in Axes
  2554 | D:4      | Reached XP level 5. HP: 40/46 MP: 5/5
  2570 | D:4      | Found a bloodstained altar of Trog.
  2571 | D:4      | Found an opulent altar of Gozag.
  2571 | D:4      | Found a shimmering blue altar of Sif Muna.
  2572 | D:4      | Found a shadowy altar of Dithmenos.
  2832 | D:4      | Noticed a phantom
  2843 | D:4      | Killed a phantom
  2872 | D:4      | Found a snail-covered altar of Cheibriados.
  2902 | D:4      | Found a glowing silver altar of Zin.
  2952 | D:4      | Reached XP level 6. HP: 45/53 MP: 6/6
  3518 | D:2      | Noticed Robin
  3533 | D:2      | Killed Robin
  3783 | D:2      | Killed Sigmund
  3784 | D:2      | Reached skill level 5 in Armour
  3990 | D:2      | Reached XP level 7. HP: 60/60 MP: 7/7
  4111 | D:2      | Noticed Terence
  4119 | D:2      | Killed Terence
  4130 | D:2      | Identified the +1 robe of Duty {Will+ Regen+ Int-2 Dex+6}
  4354 | D:5      | Entered Level 5 of the Dungeon
  4480 | D:5      | Reached skill level 5 in Fighting
  5004 | D:5      | Reached XP level 8. HP: 57/68 MP: 8/8
  5554 | D:6      | Found Giyteoh's Jewellery Emporium.
  5709 | D:6      | Reached skill level 10 in Axes
  6181 | D:6      | Reached skill level 6 in Fighting
  6202 | D:6      | Found a basalt altar of Yredelemnul.
  6230 | D:6      | Found a sparkling altar of Nemelex Xobeh.
  6448 | D:7      | Found an iron altar of Okawaru.
  6585 | D:7      | Reached XP level 9. HP: 58/78 MP: 9/9
  6742 | D:7      | Became a worshipper of Warmaster Okawaru
  6849 | D:7      | Found a staircase to the Ecumenical Temple.
  6858 | Temple   | Entered the Ecumenical Temple
  7202 | D:7      | Found a transporter.
  7203 | D:7      | Noticed BigDaddyOpFi's ghost (novice MeEE)
  7203 | D:7      | Noticed a kobold demonologist
  7344 | D:7      | Reached skill level 5 in Shields
  7450 | D:7      | Found a transporter.
  7542 | D:7      | Reached skill level 7 in Fighting
  7663 | D:7      | Reached * piety under Okawaru
  7765 | D:8      | Found a glowing golden altar of the Shining One.
  7927 | D:8      | Reached XP level 10. HP: 62/86 MP: 10/10
  8515 | D:8      | Reached ** piety under Okawaru
  8710 | D:8      | Found a blossoming altar of Fedhas.
  8779 | D:9      | Noticed Grum
  8779 | D:9      | Found Virapp's Antique Armour Shoppe.
  8848 | D:9      | Killed Grum
  8945 | D:9      | Noticed a two-headed ogre
  9034 | D:8      | Reached skill level 8 in Fighting
  9127 | D:9      | Noticed a two-headed ogre
  9346 | D:9      | Killed a two-headed ogre
  9346 | D:9      | Reached *** piety under Okawaru
  9476 | D:9      | Reached skill level 15 in Axes
  9822 | D:9      | Reached XP level 11. HP: 92/94 MP: 10/12
  9856 | D:9      | Noticed a wizard
  9911 | D:8      | Reached **** piety under Okawaru
  9954 | D:9      | Killed a wizard
  9955 | D:9      | Reached skill level 5 in Invocations
 10145 | D:9      | Reached ***** piety under Okawaru
 10394 | D:9      | Identified the +6 quarterstaff "Glorpo" {venom, rC+}
 10475 | D:9      | Got the Lectures on Phantasmal Nephomancy
 10604 | D:9      | Killed a two-headed ogre
 10792 | D:10     | Entered Level 10 of the Dungeon
 10792 | D:10     | Found a staircase to the Orcish Mines.
 10797 | D:10     | Noticed Maurice
 10798 | D:10     | Noticed Sonja
 11091 | D:10     | Identified the +0 hat "Bixoimm" {rElec rCorr} (Okawaru
                  | gifted it to you on level 10 of the Dungeon)
 11091 | D:10     | Received a gift from Okawaru
 11441 | D:10     | Killed Sonja
 11442 | D:10     | Reached skill level 10 in Invocations
 11540 | D:10     | Noticed Nergalle
 11541 | D:10     | Noticed Josephine
 11800 | D:10     | Killed Nergalle
 11820 | D:10     | Killed Maurice
 11821 | D:10     | Reached skill level 9 in Fighting
 11935 | D:10     | Found a portal to a secret trove of treasure.
 12045 | D:10     | Found an ornate altar of the Wu Jian Council.
 12062 | D:10     | Found a stormy altar of Qazlal.
 12066 | D:10     | Found a hazy altar of Hepliaklqana.
 12152 | D:10     | Killed Josephine
 12153 | D:10     | Reached skill level 10 in Fighting
 12663 | Orc:1    | Entered Level 1 of the Orcish Mines
 12673 | Orc:1    | Noticed Harold
 12816 | D:10     | Reached XP level 12. HP: 104/107 MP: 19/19
 13023 | Orc:1    | Killed Harold
 13024 | Orc:1    | Reached skill level 11 in Fighting
 13752 | Orc:2    | Entered Level 2 of the Orcish Mines
 13817 | Orc:2    | Reached skill level 12 in Fighting
 14861 | Orc:2    | Reached skill level 13 in Fighting
 15394 | Orc:2    | Found a roughly hewn altar of Beogh.
 15860 | Orc:2    | Reached skill level 10 in Armour
 16323 | Orc:2    | Found Enopnula's Magic Scroll Shop.
 16323 | Orc:2    | Found Vericoj's Book Shoppe.
 16546 | Orc:2    | Found a staircase to the Elven Halls.
 16575 | Orc:2    | Reached skill level 14 in Fighting
 16681 | Orc:2    | Found Rapelon's Assorted Antiques.
 16681 | Orc:2    | Found Qymadig Archa's Jewellery Shoppe.
 16756 | Orc:1    | Received a gift from Okawaru
 17506 | Orc:1    | Reached XP level 13. HP: 106/125 MP: 12/20
 17593 | Orc:2    | Bought a scroll of teleportation for 42 gold pieces
 17593 | Orc:2    | Bought a scroll of teleportation for 42 gold pieces
 17593 | Orc:2    | Bought a scroll of teleportation for 42 gold pieces
 17593 | Orc:2    | Bought a scroll of blinking for 105 gold pieces
 17720 | D:11     | Found a staircase to the Lair.
 18120 | D:11     | Reached skill level 15 in Fighting
 18999 | Lair:1   | Entered Level 1 of the Lair of Beasts
 19010 | Lair:1   | You fall into a shaft and drop 1 floor!
 19691 | Lair:2   | Reached skill level 16 in Fighting
 21895 | Lair:3   | Received a gift from Okawaru
 21896 | Lair:3   | Reached skill level 17 in Fighting
 21991 | Lair:3   | Found a staircase to the Shoals.
 21995 | Lair:3   | Noticed Prince Ribbit
 22041 | Lair:3   | Killed Prince Ribbit
 22041 | Lair:3   | Identified the +3 broad axe "Newtbane" {freeze, rC+ Str+3}
                  | (Okawaru gifted it to you on level 3 of the Lair of Beasts)
 22041 | Lair:3   | Received a gift from Okawaru
 22257 | Lair:3   | Found a staircase to the Snake Pit.
 22560 | Lair:4   | Found a bloodstained altar of Trog.
 23412 | Lair:4   | Identified the +4 spear "Uzaapt" {venom, Str+8}
 23476 | Lair:5   | Entered Level 5 of the Lair of Beasts
 23487 | Lair:5   | Reached XP level 14. HP: 126/140 MP: 21/21
 23681 | Lair:5   | Found a staircase to the Slime Pits.
 23686 | Lair:5   | Found a viscous altar of Jiyva.
 24075 | Lair:5   | Identified the +2 cloak of the Armoured One {Fly} (Okawaru
                  | gifted it to you on level 5 of the Lair of Beasts)
 24075 | Lair:5   | Received a gift from Okawaru
 24351 | D:3      | Bought the amulet of Fuoqieno {Faith Str+4 Dex+6} for 680
                  | gold pieces
 24815 | Lair:5   | Reached ****** piety under Okawaru
 25189 | Lair:5   | Identified the +7 war axe "Beetlebane" {vamp, rN+++ Str+2
                  | Int-5 Stlth+}
 26152 | D:12     | Found a runed translucent door.
 26153 | D:12     | Identified the +10 trident "Doacal" {heavy, Str+3}
 26153 | D:12     | Noticed SkeletonJelly's ghost (journeyman BaCK)
 26323 | D:7      | Killed BigDaddyOpFi's ghost
 27988 | D:12     | Killed SkeletonJelly's ghost
 28138 | D:13     | Found a frozen archway.
 28185 | IceCv    | Entered an ice cave
 28517 | IceCv    | Identified the +1 pair of gloves of Numeps {Harm +Blink
                  | rC+++ Int-5} (Okawaru gifted it to you in an ice cave)
 28517 | IceCv    | Received a gift from Okawaru
 28555 | IceCv    | Identified the +5 chain mail of the Distant Future {+Inv
                  | rC- Dex+4}
 28977 | D:13     | Identified the +3 whip of Ycucaoju {heavy, Str+4}
 28980 | D:13     | Identified the +7 dagger of the Divine God {drain, rC+
                  | Str+3}
 29216 | D:13     | Reached XP level 15. HP: 130/149 MP: 22/22
 29425 | D:13     | Found a gate to the Vaults.
 29738 | D:6      | Bought the ring "Bairch" {rPois Str+2} for 343 gold pieces
 29907 | Snake:1  | Entered Level 1 of the Snake Pit
 30062 | Snake:1  | Reached skill level 15 in Armour
 30572 | Snake:1  | Received a gift from Okawaru
 33584 | Snake:2  | Identified the +0 dagger of Disorder {vamp, MP+9 Str+4
                  | Dex+3 SInv}
 33609 | Snake:2  | Reached skill level 18 in Fighting
 33871 | Snake:3  | HP: 7/149 [constriction (1)]
 33872 | Arena    | Entered the Arena
 34131 | Snake:2  | Received a gift from Okawaru
 34243 | Snake:3  | Reached XP level 16. HP: 146/158 MP: 23/23
 35480 | Snake:3  | Reached skill level 19 in Fighting
 36195 | Snake:4  | Entered Level 4 of the Snake Pit
 36562 | Snake:4  | Noticed a nagaraja
 36627 | Snake:4  | Killed a nagaraja
 36627 | Snake:4  | Identified the +1 cloak "Cogoiramn" {rF+ rC+ MP+9 Stlth+}
                  | (Okawaru gifted it to you on level 4 of the Snake Pit)
 36627 | Snake:4  | Received a gift from Okawaru
 36847 | Snake:4  | Noticed a nagaraja
 36870 | Snake:4  | Killed a nagaraja
 37149 | Snake:4  | Noticed a nagaraja
 37197 | Snake:4  | Killed a nagaraja
 37231 | Snake:4  | Noticed a nagaraja
 37263 | Snake:4  | Killed a nagaraja
 37269 | Snake:4  | Noticed a nagaraja
 37276 | Snake:4  | Killed a nagaraja
 37540 | Snake:4  | Noticed a nagaraja
 37562 | Snake:4  | Killed a nagaraja
 37695 | Snake:4  | Reached skill level 10 in Shields
 37824 | Snake:4  | Noticed a nagaraja
 37870 | Snake:4  | Killed a nagaraja
 38079 | Snake:4  | Reached skill level 20 in Fighting
 38260 | Snake:4  | Noticed a nagaraja
 38295 | Snake:4  | Killed a nagaraja
 38569 | Snake:4  | Noticed a nagaraja
 38575 | Snake:4  | Noticed a nagaraja
 38583 | Snake:4  | Killed a nagaraja
 38590 | Snake:4  | Killed a nagaraja
 39144 | Snake:4  | Found Paniew's Antique Weapon Shop.
 39467 | Snake:4  | Received a gift from Okawaru
 39622 | Snake:4  | Noticed a nagaraja
 39649 | Snake:4  | Killed a nagaraja
 39760 | Snake:4  | Noticed a nagaraja
 39782 | Snake:4  | Killed a nagaraja
 39801 | Snake:4  | Noticed a nagaraja
 39837 | Snake:4  | Killed a nagaraja
 39958 | Snake:4  | Reached XP level 17. HP: 172/172 MP: 24/24
 40131 | Snake:4  | Got a serpentine rune of Zot
 40757 | Vaults:1 | Entered Level 1 of the Vaults
 40865 | Vaults:1 | Reached skill level 21 in Fighting
 42234 | Vaults:1 | Reached skill level 1 in Dodging
 42470 | Orc:2    | Bought a ring of willpower for 325 gold pieces
 42614 | Shoals:1 | Entered Level 1 of the Shoals
 42844 | D:3      | Bought a ring of flight for 175 gold pieces
 43379 | Shoals:1 | Identified the +4 plate armour of Knowledge {rElec}
                  | (Okawaru gifted it to you on level 1 of the Shoals)
 43379 | Shoals:1 | Received a gift from Okawaru
 44127 | Shoals:1 | Reached skill level 22 in Fighting
 44719 | Shoals:2 | Found a flickering gateway to a bazaar.
 44728 | Bazaar   | Entered a bazaar
 44728 | Bazaar   | Found Udwuithunea's Weapon Boutique.
 44728 | Bazaar   | Found Tosefey's Weapon Shop.
 44728 | Bazaar   | Found Osixixt's Armour Shop.
 45499 | Shoals:2 | Found Basar's Assorted Antiques.
 45967 | Shoals:2 | Found Lephedaenad's Distillery.
 45970 | Shoals:2 | Bought a potion of heal wounds for 90 gold pieces
 45985 | Shoals:2 | Found Pooll's Antique Weapon Shoppe.
 46208 | Shoals:2 | Noticed a kraken
 46222 | Shoals:2 | Found Caepnya's Distillery.
 46233 | Shoals:2 | Killed a kraken
 46234 | Shoals:2 | Reached skill level 23 in Fighting
 46267 | Shoals:2 | Received a gift from Okawaru
 46593 | Shoals:2 | Bought a potion of haste for 150 gold pieces
 46593 | Shoals:2 | Bought 2 potions of heal wounds for 150 gold pieces
 47192 | Shoals:3 | Noticed a Tzitzimitl
 47206 | Shoals:2 | Received a gift from Okawaru
 47207 | Shoals:2 | Reached XP level 18. HP: 71/188 MP: 25/25
 47824 | Shoals:2 | Received a gift from Okawaru
 48919 | Shoals:3 | Noticed Mlioglotl
 48938 | Shoals:3 | Killed Mlioglotl
 49362 | Shoals:4 | Entered Level 4 of the Shoals
 50455 | Shoals:4 | HP: 7/190 [harpy (6)]
 50457 | Shoals:3 | Slain by a harpy

Illustrated notes

Levels and vault maps discovered:
D:1:      onia_arrival_handbag, layout_loops_corners, palyth_stone_intersect
D:2:      layout_loops_ring, feat_on_display, uniq_sigmund, uniq_terence,
          uniq_robin
D:3:      layout_loops_ring, bloody_makhleb, nicolae_ru_awakened_eye,
          serial_shops, nicolae_diamond_shop, hex_tiny
D:4:      layout_layer_cave, zin_scriptorium,
          chequers_temple_overflow_statue_of_worship, lemuel_round_altar,
          portal_sewer_entry_a, minivault_5
D:5:      layout_basic
D:6:      layout_basic, mainiacjoe_overflow_concentric_impassable,
          mainiacjoe_overflow_surrounded_room, serial_shops,
          nicolae_shop_window_shopping
D:7:      layout_loops_ring, okawaru_humans, minmay_temple_entry_wispy,
          nzn_ghost_randoct
D:8:      layout_gridville, kennysheep_mini, general_overflow_altar,
          roderic_three_in_a_row
D:9:      minmay_the_grid_four_pointed_star [minmay_the_grid_triangle_9x9_sprig,
          minmay_the_grid_triangle_9x9_from_above,
          minmay_the_grid_triangle_9x9_pentomino_pain,
          minmay_the_grid_triangle_9x9_odd_lines,
          minmay_the_grid_prize_shrinking_boxes], layout_basic, serial_shops,
          shop, uniq_grum
D:10:     layout_roguey, minmay_overflow_temple_star_quad, orc_0_dummy,
          enter_trove_1, uniq_josephine, uniq_nergalle, uniq_maurice, uniq_sonja
D:11:     layout_basic, grunt_lair_entry_orc_guard_hut, minmay_misc_feat_alley
D:12:     wander_river, layout_irregular_city, ebering_ghost_funeral_grove,
          grunt_potential
D:13:     layout_loops_ring, david_vaults_5, portal_ice_cave_entry_ice_simulacra
Temple:   hellmonk_temple_beads
Lair:1:   layout_cave_pods, grunt_megastairs_3, serial_bayou_shore_b,
          infiniplex_staircase_pool_2
Lair:2:   layout_chaotic_city, patterned_corridor
Lair:3:   layout_roguey, minmay_shoals_entry_centaurs,
          guppyfry_snake_entry_island, grunt_megastairs_5, uniq_prince_ribbit2
Lair:4:   layout_loops_ring, basic_altar, kennysheep_rathole
Lair:5:   guppyfry_lair_end_dragon, layout_gridlike,
          nicolae_slime_entry_slimehenge, minmay_lair_oklob_items,
          serial_bayou_pond_c, nicolae_lair_grazing_beasts
          [nicolae_sub_lair_graze_edge, nicolae_sub_lair_graze_edge,
          nicolae_sub_lair_graze_edge, nicolae_sub_lair_graze_edge],
          lemuel_fruit_tree, serial_bayou_shore_b, lemuel_fruit_fields
Shoals:1: layout_shoals
Shoals:2: layout_shoals, serial_shops, bzr_entry_water, shop_statue,
          nicolae_shop_behind_doors, nicolae_shop_waterfront,
          nicolae_shop_window_shopping, kb_tengu_band
Shoals:3: nicolae_shoals_deep_elves_summer_vacation, layout_shoals,
          uniq_mlioglotl
Shoals:4: shoals_end_hangedman, layout_shoals, serial_shops,
          nicolae_lakefront_shop, nicolae_shoals_water_booths
Snake:1:  layout_chambers, nicolae_integral_box
Snake:2:  layout_cave_shapes, nicolae_large_snake_swirl
Snake:3:  layout_basic
Snake:4:  grunt_snake_rune_spirals, layout_onion_interference, serial_shops,
          shop
Orc:1:    layout_caves, uniq_harold
Orc:2:    st_orc_town, layout_diamond_mine
Vaults:1: advil_vaults_ghost_lines, vaults_room_grunt_arrival_ludios, v_rooms_3,
          hangedman_vaults_cutoff, nicolae_vaults_diagonal_hallway_7,
          layout_vaults_omnigrid, serial_shops, nicolae_shop_hallway_stairs

Skill      XL: |  1  2  3  4  5  6  7  8  9 10 11 12 13 14 15 16 17 18 |
---------------+-------------------------------------------------------+-----
Axes           | 3 4 5 6 7 9 10 12 16 18 | 18.5
Armour         | 4 5 7 8 10 12 14 17 18 | 18.0
Fighting       | 4 5 6 7 8 10 14 17 18 20 23 | 23.7
Shields        | 4 5 7 11 12 13 | 13.0
Invocations    | 2 10 | 10.5
Dodging        | 2 |  2.8

Action                   |  1- 3 |  4- 6 |  7- 9 | 10-12 | 13-15 | 16-18 || total
-------------------------+-------+-------+-------+-------+-------+-------++-------
Melee: War axe           |   106 |   125 |   367 |   894 |   357 |       ||  1849
       Broad axe         |       |       |       |       |   789 |  1031 ||  1820
       Morningstar       |       |       |       |       |     8 |       ||     8
Invok: Heroism           |       |       |       |     5 |     3 |     3 ||    11
       Finesse           |       |       |       |     3 |     3 |     2 ||     8
       Duel              |       |       |       |       |     1 |       ||     1
  Use: Scroll            |       |     7 |     2 |    12 |    17 |     2 ||    40
       Potion            |       |       |       |     3 |     4 |     4 ||    11
Armor: Scale mail        |    62 |    56 |       |       |       |       ||   118
       Plate armour      |       |     4 |   224 |   423 |   420 |   311 ||  1382
       Crystal plate arm |       |       |       |       |   242 |   257 ||   499
Dodge: Dodged            |    54 |    62 |    64 |   131 |   222 |   249 ||   782
Block: Buckler           |    24 |    24 |    17 |       |       |       ||    65
       Kite shield       |       |       |   105 |   407 |   592 |   752 ||  1856

Table legend: (Time is in decaauts)
 A = Elapsed time spent in this place.
 B = Non-inter-level travel time spent in this place.
 C = Inter-level travel time spent in this place.
 D = Time resting spent in this place.
 E = Time spent auto-exploring this place.
 F = Levels seen in this place.
 G = Mean time per level.
                   A        B        C        D        E       F      G
               +--------+--------+--------+--------+--------+-----+--------+
         Total |  50294 |  46752 |   3542 |  14880 |  15489 |  33 | 1524.1 |
       Dungeon |  19329 |  17197 |   2132 |   4390 |   7923 |  13 | 1486.8 |
        Temple |    112 |     98 |     14 |      0 |     89 |   1 |  112.0 |
          Lair |   6975 |   6184 |    791 |   1037 |   2921 |   5 | 1395.0 |
        Shoals |   7282 |   7219 |     63 |   3384 |   1110 |   4 | 1820.5 |
     Snake Pit |  10534 |  10279 |    255 |   4107 |   2794 |   4 | 2633.5 |
  Orcish Mines |   4344 |   4109 |    235 |   1244 |    651 |   2 | 2172.0 |
        Vaults |   1251 |   1201 |     50 |    516 |      0 |   1 | 1251.0 |
        Bazaar |     19 |     19 |      0 |      0 |      0 |   1 |   19.0 |
      Ice Cave |    414 |    414 |      0 |    188 |      0 |   1 |  414.0 |
         Arena |     30 |     30 |      0 |     14 |      0 |   1 |   30.0 |
               +--------+--------+--------+--------+--------+-----+--------+

Top non-repeatable levels by time:
 Snake:4: 4243 daAuts
   Orc:2: 2938 daAuts
Shoals:2: 2827 daAuts
 Snake:1: 2371 daAuts
 Snake:2: 2328 daAuts
    D:10: 2282 daAuts
Shoals:3: 2186 daAuts
     D:9: 2167 daAuts
  Lair:5: 1915 daAuts
    D:12: 1749 daAuts
     D:8: 1721 daAuts
Shoals:1: 1711 daAuts
 Snake:3: 1590 daAuts
     D:7: 1510 daAuts
  Lair:2: 1465 daAuts
